 Dungeon Crawl Stone Soup version 0.27.0-1-g7a089689b8 (webtiles) character file.

Game seed: 154414406192701429

90 ZARRMARR the Chopper (level 4, 0/40 HPs)
             Began as a Hill Orc Monk on Aug 2, 2021.
             Was a Believer of Beogh.
             Slain by an orc wizard (2 damage)
             ... on level 3 of the Dungeon.
             The game lasted 00:11:23 (3515 turns).

ZARRMARR the Chopper (Hill Orc Monk)                Turns: 3515, Time: 00:11:25

Health: 0/40       AC:  4    Str: 14    XL:     4   Next: 56%
Magic:  4/4        EV: 12    Int: 10    God:    Beogh [**....]
Gold:   119        SH:  0    Dex: 13    Spells: 3/3 levels left

rFire    . . .     SeeInvis .   a - +0 hand axe (freeze)
rCold    . . .     Faith    .   (no shield)
rNeg     . . .     Spirit   .   d - +1 animal skin
rPois    .         Reflect  .   f - +0 helmet
rElec    .         Harm     .   (no cloak)
rCorr    .         Rampage  .   (no gloves)
Will     .....                  (no boots)
Stlth    ++........             (no amulet)
HPRegen  0.13/turn              (no ring)
MPRegen  0.09/turn              (no ring)

@: no status effects
A: no striking features
a: Renounce Religion, Smiting


You were on level 3 of the Dungeon.
You worshipped Beogh.
Beogh was pleased with you.
You visited 1 branch of the dungeon, and saw 3 of its levels.

You collected 119 gold pieces.

Inventory:

Hand Weapons
 a - a +0 hand axe of freezing (weapon)
Missiles
 c - 50 stones (quivered)
Armour
 d - a +1 animal skin (worn)
 f - a +0 helmet (worn)
Jewellery
 k - a ring of ice
 l - a ring of magical power
Scrolls
 b - a scroll of summoning {unknown}
 e - a scroll of enchant weapon
 g - a scroll of blinking {unknown}
 i - a scroll of fear {unknown}
 j - a scroll of brand weapon
 m - 2 scrolls of enchant armour
Potions
 n - a potion of mutation {unknown}


   Skills:
 + Level 4.2 Fighting
 + Level 5.3 Axes
 + Level 2.9 Dodging
 + Level 2.2 Stealth


You had 3 spell levels left.
You didn't know any spells.
Your spell library was empty.

Dungeon Overview and Level Annotations

Branches:
Dungeon (3/15)

Altars:
Yredelemnul


Message History

Beogh accepts your kill. 3 jackals come into view.
Something completely misses you.
You hit something. You freeze something. Something hits you.
You barely miss something. Something hits you.
You closely miss something.
You hear some strange, mumbled words.
A magic dart appears from out of thin air!
The magic dart hits you. The jackal closely misses you.
You miss something. You hit the jackal. You freeze the jackal.
You closely miss something. The jackal barely misses you.
Something hits you but does no damage.
You hit the jackal but do no damage.
The jackal is heavily wounded.
You hit something but do no damage. x2; The jackal bites you.
Something hits you but does no damage.
You hear some strange, mumbled words.
A puff of flame appears from out of thin air!
The puff of flame hits you!
* * * LOW HITPOINT WARNING * * *
The jackal barely misses you.
You closely miss something. You hit the jackal. You freeze the jackal.
You kill the jackal!
Beogh accepts your kill.
You miss something. Something hits you.
* * * LOW HITPOINT WARNING * * *
You miss something. You hit the orc. You freeze the orc.
You kill the orc!
Beogh accepts your kill.
You barely miss something. Something hits you but does no damage.
Something hits you.
* * * LOW HITPOINT WARNING * * *
You closely miss something. You hit something. You freeze something.
You hear some strange, mumbled words.
A puff of flame appears from out of thin air!
The puff of flame hits you.
* * * LOW HITPOINT WARNING * * *
Something hits you.
You die...
Beogh appreciates something's killing of a heretic priest.

####### ......h
)...... ....h..
.....h. ##.......
#........
#†#########
##@{).......
####.{).(..)....#
#....###........#
####.###.#(.......
#.....#.((.>...
#...#.#.........
##.#.#.#.........
...#.............
+.#...............


There were no monsters in sight!

Vanquished Creatures
  Robin (D:2)
  2 adders
  A worm (D:3)
  5 orcs
  3 endoplasms
  A giant cockroach (D:1)
  15 goblins
  4 hobgoblins
  A jackal (D:3)
  A kobold (D:1)
  4 quokkas
  4 bats
  5 frilled lizards
47 creatures vanquished.

Notes
Turn   | Place    | Note
-------+----------+-------------------------------------------
     0 | D:1      | ZARRMARR the Hill Orc Monk began the quest for the Orb.
     0 | D:1      | Reached XP level 1. HP: 19/19 MP: 1/1
   207 | D:1      | Found a faded altar of an unknown god.
   356 | D:1      | Reached XP level 2. HP: 20/27 MP: 2/2
  1221 | D:2      | Reached XP level 3. HP: 11/33 MP: 3/3
  1574 | D:2      | Noticed Robin
  1598 | D:2      | Killed Robin
  1611 | D:2      | Reached skill level 5 in Axes
  1872 | D:2      | Found a basalt altar of Yredelemnul.
  2019 | D:2      | Reached XP level 4. HP: 32/40 MP: 4/4
  2020 | D:2      | Became a worshipper of Beogh the Brigand
  2020 | D:2      | Reached * piety under Beogh
  2020 | D:2      | Reached ** piety under Beogh
  3515 | D:3      | HP: 2/40 [something/puff of flame (5)]
  3515 | D:3      | Slain by an orc wizard

Illustrated notes

Levels and vault maps discovered:
D:1:      wander_arrival_peaceful_grave, layout_basic,
          hellmonk_ecumenical_altar_inner_sanctum, minmay_box_of_dots
D:2:      layout_loops_cross, basic_altar, uniq_robin
D:3:      layout_basic, kennysheep_vampire_church, kennysheep_doodads

Skill      XL: |  1  2  3  4 |
---------------+-------------+-----
Fighting       | 4 |  4.2
Axes           | 5 |  5.3
Stealth        | 2 |  2.2
Dodging        | |  2.9

Action                   |  1- 3 |  4- 6 || total
-------------------------+-------+-------++-------
Melee: Hand axe          |   104 |    67 ||   171
Throw: Stone             |       |    13 ||    13
Invok: Convert to Beogh  |       |     1 ||     1
  Use: Potion            |     4 |       ||     4
       Scroll            |       |     5 ||     5
 Stab: Sleeping          |     3 |     2 ||     5
Armor: Robe              |    11 |       ||    11
       Animal skin       |       |    13 ||    13
Dodge: Dodged            |    60 |    33 ||    93
